 Dungeon Crawl Stone Soup version 0.26.1-2-gb8aa6d0cf2 (webtiles) character file.

Game seed: 8090692407512767388

11955 Amplified the Blocker (level 12, -3/80 HPs)
             Began as a Halfling Fighter on Mar 24, 2021.
             Was a Priest of the Shining One.
             Slain by a ten-headed hydra (11 damage)
             ... on level 11 of the Dungeon.
             The game lasted 00:17:31 (10734 turns).

Amplified the Blocker (Halfling Fighter)           Turns: 10734, Time: 00:17:31

Health: -3/80      AC: 10    Str: 21    XL:     12   Next: 14%
Magic:  5/19       EV: 11    Int:  6    God:    the Shining One [***...]
Gold:   208        SH: 15    Dex: 24    Spells: 11/11 levels left

rFire    + + +     SeeInvis .   a - +1 long sword
rCold    . . .     Faith    .   c - +1 kite shield
rNeg     + . .     Spirit   .   q - +3 leather armour "Vosostyt" {-Tele *Drain rF++ Dex+9}
rPois    +         Reflect  .   (no helmet)
rElec    .         Harm     .   (no cloak)
rCorr    .         Rampage  .   (no gloves)
Will     .....     NoTele   +   f - +2 pair of boots
Stlth    +.........             m - amulet of regeneration
HPRegen  0.63/turn              w - ring of poison resistance
MPRegen  0.16/turn              A - ring of protection from fire

@: glowing
A: small, mutation resistance 1
a: Renounce Religion, Divine Shield


You were on level 11 of the Dungeon.
You worshipped the Shining One.
The Shining One was most pleased with you.
You visited 1 branch of the dungeon, and saw 11 of its levels.

You collected 566 gold pieces.
You spent 358 gold pieces at shops.

Inventory:

Hand Weapons
 a - a +1 long sword (weapon)
 e - a +3 vampiric whip
 i - a +3 hand axe
Missiles
 l - 38 poisoned darts (quivered)
Armour
 c - a +1 kite shield (worn)
 f - a +2 pair of boots (worn)
 q - the +3 leather armour "Vosostyt" (worn) {-Tele *Drain rF++ Dex+9}
   (You found it on level 4 of the Dungeon)

   It affects your dexterity (+9).
   It greatly protects you from fire.
   It prevents most forms of teleportation.
   It causes draining when unequipped.
 s - a cursed +0 ring mail
Jewellery
 d - an uncursed ring of fire
 k - a +6 ring of intelligence
 m - an amulet of regeneration (around neck)
 w - a ring of poison resistance (left hand)
 y - an uncursed ring of protection from cold
 A - a ring of protection from fire (right hand)
Wands
 n - a wand of paralysis (1)
 x - a wand of enslavement (3)
 B - a wand of disintegration (1)
Scrolls
 g - 11 scrolls of remove curse
 h - 6 scrolls of teleportation
 p - a scroll of fog
 z - a scroll of blinking
Potions
 b - 2 potions of magic
 j - 3 potions of curing
 o - 3 potions of brilliance
 t - 2 potions of ambrosia
 u - 2 potions of attraction
 v - 4 potions of flight


   Skills:
 + Level 6.6 Fighting
 * Level 9.7 Long Blades
 + Level 8.0 Armour
 * Level 10.8 Shields
 * Level 9.8 Invocations


You had 11 spell levels left.
You didn't know any spells.
Your spell library contained the following spells:

 Spells                   Type           Power        Failure   Level
 Beastly Appendage        Tmut           0%           82%         1
 Poisonous Vapours        Pois/Air       0%           91%         2
 Wereblood                Tmut           0%           91%         2
 Confusing Touch          Hex            0%           99%         3
 Conjure Flame            Conj/Fire      0%           99%         3
 Gell's Gravitas          Tloc           0%           99%         3
 Mephitic Cloud           Conj/Pois/Air  0%           99%         3
 Spider Form              Tmut/Pois      0%           99%         3
 Ice Form                 Ice/Tmut       0%           100%        4
 Petrify                  Tmut/Erth      0%           100%        4
 Blade Hands              Tmut           0%           100%        5
 Metabolic Englaciation   Hex/Ice        0%           100%        5
 Yara's Violent Unravell  Hex/Tmut       0%           100%        5
 Freezing Cloud           Conj/Ice/Air   0%           100%        6


Dungeon Overview and Level Annotations

Branches:
Dungeon (11/15)            Temple (0/1) D:7            Lair (0/6) D:8
    Orc: D:9-12

Altars:
Cheibriados
Fedhas
Kikubaaqudgha
Okawaru
Ru
Wu Jian
Yredelemnul
The Shining One

Shops:
D:5 !   D:6 ?   D:8 [   D:10 *:[

Annotations:
D:7 3 runed translucent doors, DearestLeader's ghost, novice MfIE; wpisznazwe's ghost, novice TeGl
D:8 2 runed translucent doors


Innate Abilities, Weirdness & Mutations

You are small and have problems with some larger weapons.
You are somewhat resistant to further mutation.


Message History

The nine-headed hydra bites you.
* * * LOW HITPOINT WARNING * * *
You block the nine-headed hydra's attack.
The nine-headed hydra bites you.
* * * LOW HITPOINT WARNING * * *
The nine-headed hydra bites you but does no damage.
You block the nine-headed hydra's attack.
The nine-headed hydra bites you!
* * * LOW HITPOINT WARNING * * *
The nine-headed hydra bites you! The Shining One protects you from harm!
Unknown command.
You slice one of the nine-headed hydra's heads off!
The eight-headed hydra grows two more!
You slash the ten-headed hydra!
The ten-headed hydra is severely wounded.
The ten-headed hydra bites you.
* * * LOW HITPOINT WARNING * * *
You block the ten-headed hydra's attack.
The ten-headed hydra bites you!
You die...

.....).# # #..# .####..#
.......# .###...# # #.Y.##.#
#......#######################
###'#.#####......(..............
#...)>).......D@................
#...)######.##################..
#...)# #.# #.# #....# #.# #.#
#....# #.# #.# #....# #.# #.#
#....# #.. #.. ###### ### #..
#..


You could see a ten-headed hydra.

Vanquished Creatures
  A boulder beetle (D:11)
  A two-headed ogre (D:9)
  3 death yaks (D:8)
  A hornet (D:8)
  A manticore (D:11)
  Joseph (D:7)
  Maggie (D:10)
  A gargoyle (D:9)
  10 yaks
  A wyvern (D:8)
  Eustachio (D:5)
  3 ice beasts
  8 orc warriors
  A black bear (D:7)
  A necrophage (D:5)
  2 sky beasts
  An eye of draining (D:9)
  2 ogres
  A phantom (D:6)
  The ghost of ypzon the Caller, an amateur MfSu (D:4)
  9 centaurs
  A big kobold (D:9)
  7 bullfrogs
  5 scorpions
  4 killer bees
  3 wights (D:9)
  2 howler monkeys
  3 bullfrog zombies
  A quasit (D:7)
  3 hounds
  2 jellies
  2 bullfrog skeletons (D:5)
  A centaur skeleton (D:8)
  10 orc priests
  5 orc wizards
  2 iguanas (D:9)
  7 worker ants
  2 killer bee zombies
  2 worker ant zombies
  2 hound skeletons (D:4)
  A howler monkey skeleton (D:5)
  11 adders
  2 river rats
  A shadow imp (D:6)
  4 white imps
  2 ufetubi
  An ooze (D:3)
  An adder zombie (D:7)
  2 adder skeletons
  A worm (D:4)
  A dart slug (D:2)
  8 leopard geckos
  35 orcs
  9 giant cockroaches
  14 goblins
  7 hobgoblins
  19 jackals
  7 quokkas
  A ball python (D:4)
  7 bats
  8 frilled lizards
  14 kobolds
  A leopard gecko skeleton (D:6)
  A leopard gecko zombie (D:7)
  5 rats
278 creatures vanquished.

Vanquished Creatures (collateral kills)
  A cyclops (D:8)
  A shadow (D:8)
  An ice beast (D:8)
  An orc priest (D:11)
  An orc wizard (D:11)
5 creatures vanquished.

Vanquished Creatures (others)
  A wyvern skeleton (D:11)
  6 withered plants (D:7)
7 creatures vanquished.

Grand Total: 290 creatures vanquished

Notes
Turn   | Place    | Note
-------+----------+-------------------------------------------
     0 | D:1      | Amplified the Halfling Fighter began the quest for the Orb.
     0 | D:1      | Reached XP level 1. HP: 15/15 MP: 1/1
    98 | D:1      | Reached XP level 2. HP: 18/20 MP: 2/2
   748 | D:1      | Reached XP level 3. HP: 22/25 MP: 3/3
  1056 | D:2      | Reached XP level 4. HP: 31/31 MP: 4/4
  1141 | D:2      | Reached skill level 4 in Shields
  1701 | D:3      | Reached XP level 5. HP: 36/36 MP: 5/5
  2182 | D:4      | Found a glowing golden altar of the Shining One.
  2223 | D:4      | Became a worshipper of the Shining One
  2308 | D:4      | Reached skill level 1 in Invocations
  2308 | D:4      | Reached XP level 6. HP: 42/42 MP: 6/6
  2524 | D:4      | Reached skill level 5 in Shields
  2666 | D:4      | Found a runed translucent door.
  2772 | D:4      | Reached * piety under the Shining One
  2772 | D:4      | Noticed ypzon's ghost (amateur MfSu)
  2903 | D:4      | Noticed an ogre
  2989 | D:5      | Entered Level 5 of the Dungeon
  3033 | D:5      | Reached XP level 7. HP: 46/46 MP: 8/8
  3064 | D:5      | Noticed Eustachio
  3079 | D:5      | Killed Eustachio
  3138 | D:5      | Reached XP level 8. HP: 54/54 MP: 10/10
  3157 | D:5      | Reached skill level 6 in Shields
  3227 | D:5      | Found a blossoming altar of Fedhas.
  3270 | D:5      | Found Nyutwuzet's Distillery.
  3281 | D:5      | Reached skill level 5 in Long Blades
  3286 | D:5      | Bought 2 potions of heal wounds for 110 gold pieces
  3286 | D:5      | Bought a potion of haste for 110 gold pieces
  3286 | D:5      | Bought a potion of curing for 33 gold pieces
  3448 | D:5      | Reached skill level 5 in Armour
  3690 | D:4      | Found a runed translucent door.
  3786 | D:4      | Got a tiger eye-encrusted leather armour
  3797 | D:4      | Identified the +3 leather armour "Vosostyt" {-Tele *Drain
                  | rF++ Dex+9} (You found it on level 4 of the Dungeon)
  4056 | D:4      | Killed ypzon's ghost
  4303 | D:6      | Found Zulexal's Magic Scroll Shop.
  4514 | D:6      | Reached ** piety under the Shining One
  4570 | D:6      | Found an ancient bone altar of Kikubaaqudgha.
  4599 | D:6      | Reached XP level 9. HP: 59/59 MP: 12/12
  4729 | D:6      | Reached skill level 7 in Shields
  4729 | D:6      | Reached skill level 5 in Invocations
  5368 | D:7      | Found a staircase to the Ecumenical Temple.
  5371 | D:7      | You fall into a shaft and drop 2 floors!
  5694 | D:7      | Reached skill level 5 in Fighting
  5694 | D:7      | Reached skill level 8 in Shields
  5738 | D:7      | Reached XP level 10. HP: 63/66 MP: 14/14
  5748 | D:7      | Reached *** piety under the Shining One
  5868 | D:7      | Noticed Joseph
  5902 | D:7      | Killed Joseph
  5986 | D:7      | Found an iron altar of Okawaru.
  6213 | D:7      | Found a basalt altar of Yredelemnul.
  6310 | D:7      | Found a runed translucent gate.
  6311 | D:7      | Found a runed translucent gate.
  6311 | D:7      | Found a runed translucent gate.
  6312 | D:7      | Noticed DearestLeader's ghost (novice MfIE)
  6312 | D:7      | Noticed wpisznazwe's ghost (novice TeGl)
  6700 | D:8      | Found Hatseess's Antique Armour Shoppe.
  6842 | D:8      | Found a snail-covered altar of Cheibriados.
  6944 | D:8      | Noticed a cyclops
  6952 | D:8      | Paralysed by a hornet for 1 turns
  6966 | D:8      | Killed a cyclops
  6967 | D:8      | Reached skill level 9 in Shields
  7071 | D:8      | Found an ornate altar of the Wu Jian Council.
  7171 | D:8      | Reached **** piety under the Shining One
  7371 | D:9      | Noticed a two-headed ogre
  7453 | D:9      | Killed a two-headed ogre
  7454 | D:9      | Reached XP level 11. HP: 43/72 MP: 13/17
  7605 | D:9      | Found a sacrificial altar of Ru.
  8274 | D:8      | Noticed a death yak
  8274 | D:8      | Noticed a death yak
  8274 | D:8      | Noticed a death yak
  8296 | D:8      | Killed a death yak
  8315 | D:8      | Killed a death yak
  8316 | D:8      | Reached skill level 10 in Shields
  8327 | D:8      | Killed a death yak
  8430 | D:8      | Found a staircase to the Lair.
  8726 | D:8      | Paralysed by a hornet for 1 turns
  8731 | D:8      | Paralysed by a hornet for 3 turns
  8748 | D:8      | Killed a hornet
  8749 | D:8      | Found a large runed translucent door.
  8787 | D:8      | Found a large runed translucent door.
  8787 | D:8      | Noticed a deep elf archer
  8826 | D:8      | Noticed a two-headed ogre
  9252 | D:10     | Entered Level 10 of the Dungeon
  9382 | D:10     | Found Leire's General Store.
  9460 | D:10     | Bought a scroll of enchant weapon for 105 gold pieces
  9556 | D:10     | Paralysed by a centaur for 2 turns
  9609 | D:10     | Found Nadwecs's Armour Boutique.
  9697 | D:10     | Found Zoehe's Book Boutique.
  9698 | D:10     | Noticed Maggie
  9743 | D:10     | Killed Maggie
 10201 | D:11     | Noticed a boulder beetle
 10376 | D:11     | Killed a boulder beetle
 10377 | D:11     | Reached XP level 12. HP: 62/80 MP: 19/19
 10707 | D:11     | Noticed a seven-headed hydra
 10733 | D:11     | The Shining One protects you from harm!
 10734 | D:11     | Slain by a ten-headed hydra

Illustrated notes

Levels and vault maps discovered:
D:1:      mrwooster_arrival_statue_3, layout_rooms, minmay_misc_feat_tiny
D:2:      layout_loops_ring, minmay_box_of_dots
D:3:      layout_rooms
D:4:      cheibrodos_pilgrimage, layout_basic, tso_metal_star,
          ebering_ghost_sewer_f
D:5:      layout_basic, marbit_many_paths, serial_shops, shop, uniq_eustachio
D:6:      layout_gridville, lemuel_crystal_altar, serial_shops, shop
D:7:      layout_basic, nicolae_overflow_crystal_walls, kennysheep_mini,
          minmay_temple_entry_offerings, gammafunk_ghost_cemetery, uniq_joseph
D:8:      minmay_recursive_quarters, layout_basic, lemuel_round_altar,
          dpeg_lair_monsters, serial_shops, nicolae_shop_crystal, basic_altar,
          jmf_multi_god_temple2
D:9:      layout_loops_ring, basic_altar, chequers_serial_rivers_micro_d
D:10:     layout_long_grid, serial_shops, nicolae_shop_statue_plus,
          nicolae_shop_stone, shop, uniq_maggie
D:11:     layout_basic, orc_david_3

Skill      XL: |  1  2  3  4  5  6  7  8  9 10 11 12 |
---------------+-------------------------------------+-----
Fighting       | 3 4 5 6 |  6.6
Shields        | 4 5 6 8 9 10 | 10.8
Long Blades    | 3 4 5 6 8 9 |  9.7
Armour         | 4 5 6 7 8 |  8.0
Invocations    | 1 2 3 4 6 8 9 |  9.8

Action                   |  1- 3 |  4- 6 |  7- 9 | 10-12 || total
-------------------------+-------+-------+-------+-------++-------
Melee: Long sword        |   116 |   184 |   384 |   647 ||  1331
Throw: Dart              |       |     4 |       |     9 ||    13
Invok: Divine Shield     |       |       |     1 |     4 ||     5
       Cleansing Flame   |       |       |       |     4 ||     4
Evoke: Wand              |       |       |     6 |    25 ||    31
  Use: Scroll            |     2 |     9 |     7 |     8 ||    26
       Potion            |       |     5 |     5 |    12 ||    22
Armor: Scale mail        |    50 |    71 |    34 |       ||   155
       Skin              |       |     2 |       |     4 ||     6
       Leather armour    |       |       |    96 |    90 ||   186
Dodge: Dodged            |    41 |    53 |   107 |   138 ||   339
Block: Kite shield       |    69 |   130 |   305 |   414 ||   918
       Rpst.: Long sword |    15 |    17 |    30 |    42 ||   104
